 Dungeon Crawl Stone Soup version 0.28-b1-70-g80dc712255 (webtiles) character file.

Game seed: 2861242589654738382

501 browni3141 the Magician (level 7, -2/51 HPs)
             Began as a Gnoll Wanderer on Feb 4, 2022.
             Succumbed to an ogre zombie's poison
             ... on level 4 of the Dungeon.
             The game lasted 00:13:33 (5052 turns).

browni3141 the Magician (Gnoll Wanderer)            Turns: 5052, Time: 00:13:33

Health: -2/51      AC:  3    Str: 11    XL:     7   Next: 17%
Magic:  18/18      EV: 12    Int: 14    God:
Gold:   90         SH:  0    Dex: 11    Spells: 19/21 levels left

rFire   . . .      SeeInvis .   a - +0 shortbow
rCold   . . .      Faith    .   (shield currently unavailable)
rNeg    . . .      Spirit   .   r - +0 leather armour {rPois}
rPois   +          Reflect  .   (no helmet)
rElec   .          Harm     .   (no cloak)
rCorr   .          Rampage  .   (no gloves)
Will    .....                   (no boots)
Stlth   ++........              i - amulet of magic regeneration
HPRegen 0.17/turn               (no ring)
MPRegen 0.56/turn               (no ring)

@: lethally poisoned (-2 -> -31)
A: fangs 1, strong nose, distributed training
a: no special abilities


You were on level 4 of the Dungeon.
You visited 1 branch of the dungeon, and saw 4 of its levels.

You collected 156 gold pieces.
You spent 66 gold pieces at shops.

Inventory:

Hand Weapons
 a - a +0 shortbow (weapon)
 b - a +2 spear of venom
Missiles
 j - 5 poisoned darts
 p - 65 arrows (quivered ammo)
Armour
 d - a +0 robe
 l - a +0 scale mail
 m - a +0 ring mail
 r - a +0 leather armour of poison resistance (worn)
Jewellery
 i - an amulet of magic regeneration (around neck)
Wands
 c - a wand of flame (6)
Scrolls
 f - a scroll of holy word
 k - a scroll of blinking
 q - a scroll of torment {unknown}
 s - a scroll of teleportation {unknown}
 t - a scroll of amnesia {unknown}
 u - a scroll of magic mapping {unknown}
Potions
 g - a potion of degeneration {unknown}
 h - 2 potions of resistance
 n - a potion of might {unknown}
 o - a potion of brilliance {unknown}
 v - 2 potions of mutation {unknown}
 w - a potion of curing
 x - a potion of lignification


   Skills:
 + Level 2.3 Fighting
 + Level 2.3 Short Blades
 + Level 2.3 Long Blades
 + Level 2.3 Axes
 + Level 2.3 Maces & Flails
 + Level 2.3 Polearms
 + Level 2.3 Staves
 + Level 2.3 Slings
 + Level 5.1 Bows
 + Level 2.3 Crossbows
 + Level 2.3 Throwing
 + Level 2.3 Armour
 + Level 3.5 Dodging
 + Level 2.3 Stealth
 + Level 2.3 Shields
 + Level 2.3 Unarmed Combat
 + Level 7.5 Spellcasting
 + Level 1.9 Conjurations
 + Level 1.9 Hexes
 + Level 1.9 Summonings
 + Level 1.9 Necromancy
 + Level 1.9 Translocations
 + Level 1.9 Transmutations
 + Level 1.9 Fire Magic
 + Level 1.9 Ice Magic
 + Level 1.9 Air Magic
 + Level 1.9 Earth Magic
 + Level 1.9 Poison Magic
 + Level 3.7 Invocations
 + Level 5.1 Evocations


You had 19 spell levels left.
You knew the following spells:

 Your Spells              Type           Power      Damage    Failure   Level
a - Foxfire               Conj/Fire      40%        2x1d6     9%          1
b - Sting                 Tmut/Pois      40%        1d5       9%          1

Your spell library contained the following spells:

 Spells                   Type           Power      Damage    Failure   Level
 Magic Dart               Conj           40%        1d5       9%          1
 Blink                    Tloc           20%        N/A       12%         2
 Call Imp                 Summ           10%        N/A       12%         2
 Ensorcelled Hibernation  Hex/Ice        20%        N/A       12%         2
 Lesser Beckoning         Tloc           10%        N/A       24%         3
 Mephitic Cloud           Conj/Pois/Air  10%        N/A       24%         3
 Vampiric Draining        Necr           10%        2d6       24%         3
 Manifold Assault         Tloc           10%        N/A       92%         5


Dungeon Overview and Level Annotations

Branches:
Dungeon (4/15)
 Temple: D:4-7

Altars:
Qazlal

Shops:
D:4 !


Innate Abilities, Weirdness & Mutations

You have very sharp teeth.
Your uncanny sense of smell can sniff out nearby items.
Your experience applies equally to all skills.


Message History

Thank you for shopping at Pepp's Distillery!
Unknown command.
As you read the scroll labelled UXUUQEC UDAOSUUWK, it crumbles to dust.
It is a scroll of identify.
f - a scroll of holy word
As you read the scroll of identify, it crumbles to dust.
k - a scroll of blinking Partly explored, unvisited transporter.
Partly explored, unvisited transporter.
You see here a +0 leather armour.
There is a transporter here.
There is a transporter here.
Press: ? - help, . - travel You can't see that place. [a rock wall.] Unknown command.
Unknown command.
Unknown command.
Partly explored, unvisited transporter.
There is a transporter here.
You enter the transporter and appear at another place.
h - 2 potions of resistance (gained 1)
Your +2 spear of venom stops dripping with poison.
a - a +0 shortbow (weapon)
You open the gate.
There is an open gate here.
You see here 12 gold pieces.
You shoot an arrow.
The arrow barely misses the ogre zombie.
You shoot an arrow. The arrow hits the ogre zombie.
The ogre zombie is lightly damaged.
You shoot an arrow. The arrow hits the ogre zombie.
The ogre zombie is lightly damaged.
The ogre zombie hits you with a +0 giant club of venom!!
There is a transporter, spattered with blood here.
You enter the transporter and appear at another place.
The ogre zombie hits you with a +0 giant club of venom!!
* * * LOW HITPOINT WARNING * * *
You are lethally poisoned!
You die...

#...#°°...°°#..........#
#.#####Z''#######......#
#.##....○°.°°#.........#
#.##.°°....○.##........#
####.##.........##.#......#
#.....#(.○($$...#....##.###
#.##.##.○.)©(.°°##.###...###
#.##.#############.#.......#
#.##.....#.©.@..##.#.#...#.###
#.#####..#.Z....##.#.#..##.#..
#.#####(.##........#..........
#.....<..##.....####...###.#..
##.#.###.##.....# #..####.###
##.###.##.######## #......(# #
#.##....†.# ##>###### #
##.#.#.#### #.# # ##...## #.#
#


You could see 2 ogre zombies.

Vanquished Creatures
  A necrophage (D:4)
  A bullfrog (D:4)
  A scorpion (D:4)
  A water moccasin skeleton (D:4)
  Jessica (D:3)
  Terence (D:2)
  Natasha (thrice) (D:3)
  Ijyb (D:4)
  An adder (D:2)
  2 worms (D:4)
  9 orcs
  4 bats
  5 endoplasms
  5 giant cockroaches
  5 goblins
  10 hobgoblins
  4 jackals
  3 kobolds
  3 quokkas
  8 ball pythons
  2 frilled lizards
  2 rats (D:1)
73 creatures vanquished.

Vanquished Creatures (others)
  91 foxfires
91 creatures vanquished.

Grand Total: 164 creatures vanquished

Notes
Turn   | Place    | Note
-------+----------+-------------------------------------------
     0 | D:1      | browni3141 the Gnoll Wanderer began the quest for the Orb.
     0 | D:1      | browni3141 set off with the following items: a +0 shortbow,
                  | 27 arrows, a wand of flame (6), a +0 robe; and the
                  | following spells available to memorise: Foxfire, Sting,
                  | Ensorcelled Hibernation, Vampiric Draining
     0 | D:1      | Reached XP level 1. HP: 13/13 MP: 8/8
     2 | D:1      | Learned a level 1 spell: Foxfire
     4 | D:1      | Learned a level 1 spell: Sting
   340 | D:1      | Reached XP level 2. HP: 19/19 MP: 8/10
   458 | D:1      | Found a faded altar of an unknown god.
   890 | D:2      | Reached XP level 3. HP: 25/25 MP: 8/11
  1470 | D:3      | Noticed Terence
  1516 | D:2      | Killed Terence
  1517 | D:2      | Reached skill level 1 in Fighting
  1517 | D:2      | Reached skill level 1 in Short Blades
  1517 | D:2      | Reached skill level 1 in Long Blades
  1517 | D:2      | Reached skill level 1 in Axes
  1517 | D:2      | Reached skill level 1 in Maces & Flails
  1517 | D:2      | Reached skill level 1 in Polearms
  1517 | D:2      | Reached skill level 1 in Staves
  1517 | D:2      | Reached skill level 1 in Slings
  1517 | D:2      | Reached skill level 1 in Crossbows
  1517 | D:2      | Reached skill level 1 in Throwing
  1517 | D:2      | Reached skill level 1 in Armour
  1517 | D:2      | Reached skill level 1 in Stealth
  1517 | D:2      | Reached skill level 1 in Shields
  1517 | D:2      | Reached skill level 1 in Unarmed Combat
  1517 | D:2      | Reached XP level 4. HP: 14/32 MP: 13/13
  1791 | D:3      | Noticed Jessica
  1805 | D:3      | Killed Jessica
  1806 | D:3      | Reached skill level 1 in Conjurations
  1806 | D:3      | Reached skill level 1 in Hexes
  1806 | D:3      | Reached skill level 1 in Summonings
  1806 | D:3      | Reached skill level 1 in Necromancy
  1806 | D:3      | Reached skill level 1 in Translocations
  1806 | D:3      | Reached skill level 1 in Transmutations
  1806 | D:3      | Reached skill level 1 in Fire Magic
  1806 | D:3      | Reached skill level 1 in Ice Magic
  1806 | D:3      | Reached skill level 1 in Air Magic
  1806 | D:3      | Reached skill level 1 in Earth Magic
  1806 | D:3      | Reached skill level 1 in Poison Magic
  1811 | D:3      | Noticed Natasha
  1820 | D:3      | Killed Natasha
  1821 | D:3      | Reached XP level 5. HP: 22/37 MP: 14/14
  2046 | D:3      | Noticed Natasha
  2050 | D:3      | Killed Natasha
  2633 | D:3      | Noticed Natasha
  2636 | D:3      | Killed Natasha
  2737 | D:3      | Noticed a water elemental
  2970 | D:3      | Found a stormy altar of Qazlal.
  2973 | D:3      | Noticed a fire elemental
  2973 | D:3      | Noticed an air elemental
  3019 | D:4      | Found a transporter.
  3067 | D:4      | Reached XP level 6. HP: 13/44 MP: 16/16
  3424 | D:4      | Noticed Ijyb
  3446 | D:4      | Killed Ijyb
  3693 | D:4      | Reached skill level 5 in Bows
  3693 | D:4      | Reached skill level 5 in Evocations
  3799 | D:4      | Noticed a necrophage
  3812 | D:4      | Killed a necrophage
  4070 | D:4      | Reached XP level 7. HP: 47/50 MP: 18/18
  4150 | D:4      | Found a transporter.
  4322 | D:4      | Found Pepp's Distillery.
  4798 | D:4      | Bought a potion of curing for 33 gold pieces
  4798 | D:4      | Bought a potion of lignification for 33 gold pieces
  5052 | D:4      | Succumbed to an ogre zombie's poison

Illustrated notes

Levels and vault maps discovered:
D:1:      dpeg_arrival_simpleton_b, layout_rooms, basic_ecumenical_altar,
          minmay_surrounded
D:2:      layout_loops_ring, st_stairs_11
D:3:      layout_rooms, nicolae_qazlal_style_of_elements, uniq_natasha,
          uniq_terence, uniq_jessica
D:4:      gammafunk_cloud_chamber, layout_loops_cross, serial_shops,
          nicolae_inconvenience_store, uniq_ijyb

Skill      XL: |  1  2  3  4  5  6 |
---------------+-------------------+-----
Fighting       | 1 2 |  2.3
Short Blades   | 1 2 |  2.3
Long Blades    | 1 2 |  2.3
Axes           | 1 2 |  2.3
Maces & Flails | 1 2 |  2.3
Polearms       | 1 2 |  2.3
Staves         | 1 2 |  2.3
Slings         | 1 2 |  2.3
Crossbows      | 1 2 |  2.3
Throwing       | 1 2 |  2.3
Armour         | 1 2 |  2.3
Stealth        | 1 2 |  2.3
Shields        | 1 2 |  2.3
Unarmed Combat | 1 2 |  2.3
Conjurations   | 1 |  1.9
Hexes          | 1 |  1.9
Summonings     | 1 |  1.9
Necromancy     | 1 |  1.9
Translocations | 1 |  1.9
Transmutations | 1 |  1.9
Fire Magic     | 1 |  1.9
Ice Magic      | 1 |  1.9
Air Magic      | 1 |  1.9
Earth Magic    | 1 |  1.9
Poison Magic   | 1 |  1.9
Invocations    | 3 |  3.7
Dodging        | 3 |  3.5
Bows           | 5 |  5.1
Evocations     | 5 |  5.1
Spellcasting   | |  7.5

Action                   |  1- 3 |  4- 6 |  7- 9 || total
-------------------------+-------+-------+-------++-------
Melee: Spear             |       |    31 |    24 ||    55
       Bite              |       |     4 |     3 ||     7
       Punch             |       |     1 |       ||     1
 Fire: Shortbow          |    11 |    59 |     3 ||    73
Throw: Dart              |       |     5 |       ||     5
 Cast: Foxfire           |    42 |    13 |       ||    55
       Sting             |     4 |    15 |       ||    19
Evoke: Wand              |       |     5 |       ||     5
  Use: Scroll            |       |       |     2 ||     2
 Stab: Sleeping          |       |     3 |       ||     3
Armor: Robe              |    13 |     8 |       ||    21
       Leather armour    |       |     1 |     3 ||     4
Dodge: Dodged            |    32 |    58 |     3 ||    93
